 Dungeon Crawl Stone Soup version 0.23.2 (webtiles) character file.

Game seed: 1747374243267196564

23668 snowfan the Arsonist (level 12, -3/94 HPs)
             Began as a Mummy Fire Elementalist on Apr 2, 2019.
             Was a High Priest of Vehumet.
             Slain by a vault guard
             ... wielding a +0 war axe
              (10 damage)
             ... on level 12 of the Dungeon on Apr 3, 2019.
             The game lasted 01:54:45 (20910 turns).

snowfan the Arsonist (Mummy Fire Elementalist)     Turns: 20910, Time: 01:54:45

Health: -3/94      AC:  8    Str: 12    XL:     12   Next: 73%
Magic:  19/44      EV: 12    Int: 23    God:    Vehumet [*****.]
Gold:   152        SH:  5    Dex: 13    Spells: 8/30 levels left

rFire    x . .     SeeInvis .   h - +1 hunting sling (venom)
rCold    + + +     Gourm    .   b - +0 buckler
rNeg     + + +     Faith    .   T - +1 robe "Wunluag" {-Tele rElec rC++ MP+9} (curse)
rPois    ∞         Spirit   .   K - +3 hat of Pondering {ponderous, MR+ MP+10 Int+5}
rElec    +         Reflect  .   p - +0 cloak
rCorr    .         Harm     .   (no gloves)
MR       ++...     NoTele   +   v - +0 pair of boots
Stlth    ++........             R - amulet of regeneration
HPRegen  0.25/turn              O - ring of wizardry
MPRegen  0.29/turn              (no ring)

@: slow
A: no food or potions, fire vulnerability, cold resistance 1, negative energy
resistance 3, torment resistance, unbreathing
a: Renounce Religion


You were on level 12 of the Dungeon.
You worshipped Vehumet.
Vehumet was extremely pleased with you.
You were not hungry.

You visited 2 branches of the dungeon, and saw 14 of its levels.

You collected 514 gold pieces.
You spent 362 gold pieces at shops.

Inventory:

Hand Weapons
 h - a +1 hunting sling of venom (weapon)
 z - a +2 hand axe of venom
 A - a +4 mace
 E - a +0 shortbow
 G - a +4 morningstar
Missiles
 c - 314 stones
 d - 171 arrows
 i - 49 poisoned needles
 l - 110 sling bullets (quivered)
 r - 102 bolts
 F - 3 throwing nets
 H - 8 javelins
 J - 5 curare-tipped needles
 U - a tomahawk
Armour
 b - a +0 buckler (worn)
 p - a +0 cloak (worn)
 v - a +0 pair of boots (worn)
 C - a +1 robe of cold resistance
 K - the +3 hat of Pondering (worn) {ponderous, MR+ MP+10 Int+5}
   (You took it off Gastronok on level 8 of the Dungeon)

   It affects your intelligence (+5).
   It affects your resistance to hostile enchantments.
   It affects your magic capacity (+10).
 M - a +2 animal skin
 P - the +1 leather armour "Najudd" {rPois MR++ Dex-5}
   (You found it on level 10 of the Dungeon)

   It affects your dexterity (-5).
   It protects you from poison.
   It affects your resistance to hostile enchantments.
 T - the cursed +1 robe "Wunluag" (worn) {-Tele rElec rC++ MP+9}
   (You found it on level 13 of the Dungeon)

   It greatly protects you from cold.
   It insulates you from electricity.
   It affects your magic capacity (+9).
   It prevents most forms of teleportation.
   It has a curse placed upon it.
Magical Staves
 e - an uncursed staff of energy
 D - an uncursed staff of air
Jewellery
 g - an uncursed amulet of magic regeneration
 m - an uncursed ring of ice
 s - an uncursed amulet of faith
 O - a ring of wizardry (left hand)
 R - an amulet of regeneration (around neck)
Wands
 a - a wand of disintegration (14)
 L - a wand of acid (25)
 Q - a wand of enslavement (8)
Scrolls
 f - 5 scrolls of enchant weapon
 j - a scroll of enchant armour
 k - a scroll of acquirement {unknown}
 n - 5 scrolls of identify
 o - 3 scrolls of teleportation
 q - a scroll of random uselessness {unknown}
 t - a scroll of fog
 u - 2 scrolls of amnesia {unknown}
 w - a scroll of magic mapping {unknown}
 x - a scroll of fear {unknown}
 y - a scroll of blinking
 B - 2 scrolls of immolation {unknown}
 I - a scroll of torment {unknown}
 N - 4 scrolls of remove curse
 S - a scroll of noise {unknown}


   Skills:
 + Level 8.7 Fighting
 - Level 1.5 Dodging
 - Level 1.5 Stealth
 - Level 4.0 Shields
 + Level 9.6 Spellcasting
 * Level 10.6 Conjurations
 * Level 10.8 Fire Magic


You had 8 spell levels left.
You knew the following spells:

 Your Spells              Type           Power        Failure   Level  Hunger
a - Flame Tongue          Conj/Fire      #####        1%          1    N/A
c - Sticky Flame          Conj/Fire      ######..     1%          4    N/A
d - Conjure Flame         Conj/Fire      ######..     1%          3    N/A
e - Force Lance           Conj/Tloc      #####...     1%          4    N/A
f - Fireball              Conj/Fire      ######....   1%          5    N/A
s - Throw Flame           Conj/Fire      ######       1%          2    N/A
x - Inner Flame           Hex/Fire       #####...     1%          3    N/A

Your spell library contained the following spells:

 Spells                   Type           Power        Failure   Level  Hunger
 Lightning Bolt           Conj/Air       #####.....   2%          5    N/A
 Magic Dart               Conj           ####         1%          1    N/A
 Mephitic Cloud           Conj/Pois/Air  ####....     1%          3    N/A
 Blink                    Tloc           N/A          3%          2    N/A
 Call Imp                 Summ           ##......     3%          2    N/A
 Slow                     Hex            ##......     3%          2    N/A
 Sticks to Snakes         Tmut           ##......     3%          2    N/A
 Beastly Appendage        Tmut           Unusable     N/A         1    N/A
 Spider Form              Tmut/Pois      Unusable     N/A         3    N/A
 Ice Form                 Ice/Tmut       Unusable     N/A         4    N/A
 Blade Hands              Tmut           Unusable     N/A         5    N/A

Dungeon Overview and Level Annotations

Branches:
Dungeon (13/15)            Temple (1/1) D:6            Lair (0/6) D:9
    Orc (0/2) D:9
 Vaults: D:13-14

Altars:
Ashenzari
Cheibriados
Dithmenos
Elyvilon
Fedhas
Gozag
Hepliaklqana
Kikubaaqudgha
Makhleb
Nemelex Xobeh
Okawaru
Qazlal
Ru
Sif Muna
Trog
Uskayaw
Vehumet
Wu Jian
Xom
Yredelemnul
Zin
The Shining One

Shops:
D:4 *   D:6 %   D:12 (   D:13 *

Annotations:
D:8 exclusion: orange crystal statue


Innate Abilities, Weirdness & Mutations

You do not eat or drink.
Your flesh is vulnerable to fire.
You are immune to poison.
Your flesh is cold resistant. (rC+)
You are immune to negative energy. (rN+++)
You are immune to unholy pain and torment.
You can survive without breathing.


Message History

The vault guard hits you with a +0 war axe!
* * * LOW HITPOINT WARNING * * *
A mysterious force pulls you upwards. The hatch slams shut behind you.
Reactivating autopickup.
You cannot blink because you are wearing the cursed +1 robe "Wunluag" {-Tele rElec rC++ MP+9}.
As you read the scroll of fog, it crumbles to dust.
The scroll dissolves into smoke.
The vault guard hits you but does no damage.
There is an open door here.
There is an escape hatch in the floor here.
Put on which piece of jewellery? (? for menu, Esc to quit)
You remove your amulet of magic regeneration.
The vault guard closely misses you.
You sense that the amulet cannot attune itself to your injured body.
R - an amulet of regeneration (around neck)
As you read the scroll of fog, it crumbles to dust.
The scroll dissolves into smoke.
The vault guard barely misses you.
You see here a viscous grey potion.
The vault guard hits you with a +0 war axe!
You die...

######## #......# ########
#......# .......###### #......#
.......'....###§§§...# ######
.......####...§p@§§..#######.....
.......# #####§§§§..#.......####
.......# #§§§§....#######
.......# #..§...### #'######
####.### #..## ###.# ##..###
#...# ########## ##...#
######§#### #......... #####'##
#.....§§§.####.........


You could see a vault guard.

Vanquished Creatures
  Gastronok (D:8)
  Kirke (D:12)
  3 vault guards (D:13)
  Fannar (D:12)
  A hydra (D:9)
  2 two-headed ogres
  An unseen horror (D:11)
  A cyclops (D:13)
  Psyche (D:8)
  A gargoyle (D:12)
  3 trolls
  Prince Ribbit (D:8)
  2 dream sheep (D:9)
  A meliai zombie (D:12)
  2 hippogriffs
  2 shadows (D:11)
  Sigmund (D:4)
  4 fire bats (D:9)
  A wyvern (D:9)
  A vampire (D:13)
  6 hogs (D:12)
  6 yaks
  A steam dragon (D:10)
  Grum (D:8)
  2 hungry ghosts
  A water moccasin (D:10)
  Duvessa (D:7)
  A hell hound (D:9)
  4 porcupines
  Purgy (D:4)
  2 black bears (D:9)
  5 orc warriors
  4 ice beasts
  3 sky beasts
  An eye of draining (D:11)
  2 phantoms
  4 wolves (D:8)
  5 ogres
  2 centaurs (D:6)
  7 big kobolds
  2 crocodiles (D:9)
  9 bullfrogs
  2 gnoll sergeants
  Dowan (D:7)
  7 scorpions
  13 killer bees
  9 wights
  3 howler monkeys (D:7)
  4 crimson imps
  A bullfrog zombie (D:10)
  5 lava snakes
  3 centaur zombies
  4 jellies
  2 centaur skeletons (D:11)
  11 hounds
  9 orc priests
  18 orc wizards
  4 bullfrog skeletons
  A gnoll shaman (D:9)
  6 iguanas
  Natasha (thrice) (D:2)
  12 worker ants
  A killer bee zombie (D:8)
  A worker ant zombie (D:5)
  Robin (D:2)
  12 adders
  21 gnolls
  3 shadow imps
  4 oozes
  2 adder skeletons (D:8)
  An adder zombie (D:9)
  4 worms
  2 dart slugs
  5 leopard geckos
  59 orcs
  10 bats
  7 giant cockroaches
  14 goblins
  17 hobgoblins
  15 jackals
  24 kobolds
  3 quokkas
  A ball python (D:7)
  5 frilled lizards
  2 jackal skeletons
  A leopard gecko zombie (D:5)
  8 rats
  A fungus (D:9)
443 creatures vanquished.

Vanquished Creatures (others)
  A human (D:12)
  3 fire vortices (D:9)
  28 fungi (D:9)
  6 plants (D:9)
  2 withered plants (D:4)
40 creatures vanquished.

Grand Total: 483 creatures vanquished

Notes
Turn   | Place    | Note
-------+----------+-------------------------------------------
     0 | D:1      | snowfan the Mummy Fire Elementalist began the quest for the
                  | Orb.
     0 | D:1      | Reached XP level 1. HP: 13/13 MP: 4/4
   231 | D:1      | Reached skill level 1 in Conjurations
   515 | D:1      | Reached XP level 2. HP: 14/19 MP: 2/5
   632 | D:1      | Reached skill level 1 in Shields
  1581 | D:2      | Reached XP level 3. HP: 24/24 MP: 1/7
  2064 | D:2      | Noticed Natasha
  2456 | D:2      | Noticed Robin
  2465 | D:2      | Killed Robin
  2465 | D:2      | Reached XP level 4. HP: 26/31 MP: 3/8
  2913 | D:2      | Killed Natasha
  2913 | D:2      | Reached skill level 1 in Fighting
  2977 | D:2      | Noticed Natasha
  2985 | D:2      | Killed Natasha
  3044 | D:2      | Noticed Natasha
  3356 | D:2      | Killed Natasha
  3356 | D:2      | Reached XP level 5. HP: 37/37 MP: 5/9
  3642 | D:2      | Found a sparkling altar of Nemelex Xobeh.
  3755 | D:2      | Learned a level 2 spell: Throw Flame
  3759 | D:2      | Learned a level 3 spell: Conjure Flame
  3763 | D:2      | Learned a level 3 spell: Inner Flame
  4222 | D:3      | Found an iron altar of Okawaru.
  4619 | D:4      | Noticed Purgy
  4797 | D:4      | Reached XP level 6. HP: 40/43 MP: 2/10
  5043 | D:4      | Found Saply's General Store.
  5523 | D:4      | Noticed Sigmund
  5534 | D:4      | Killed Sigmund
  5534 | D:4      | Reached XP level 7. HP: 25/51 MP: 3/11
  5825 | D:5      | Entered Level 5 of the Dungeon
  6389 | D:5      | Found a snail-covered altar of Cheibriados.
  6920 | D:5      | Reached XP level 8. HP: 46/58 MP: 5/12
  7637 | D:7      | Noticed Duvessa
  7638 | D:7      | Noticed Dowan
  7649 | D:7      | Reached skill level 5 in Fire Magic
  8073 | D:7      | Found a sparkling altar of Nemelex Xobeh.
  8085 | D:7      | Killed Duvessa
  8100 | D:7      | Killed Dowan
  8252 | D:7      | Reached skill level 5 in Conjurations
  8757 | D:7      | Reached XP level 9. HP: 56/65 MP: 0/15
  9287 | D:7      | Learned a level 4 spell: Sticky Flame
  9590 | D:6      | Found Nofanges's Food Boutique.
  9671 | D:6      | Found a staircase to the Ecumenical Temple.
  9681 | Temple   | Entered the Ecumenical Temple
  9900 | Temple   | Became a worshipper of Vehumet
  9980 | D:4      | Killed Purgy
 10110 | D:4      | Found a basalt altar of Yredelemnul.
 10351 | D:5      | Reached * piety under Vehumet
 10351 | D:5      | Offered knowledge of Sting by Vehumet.
 10351 | D:5      | Reached skill level 5 in Spellcasting
 11012 | D:8      | Reached skill level 5 in Fighting
 11564 | D:7      | Learned a level 5 spell: Fireball
 11908 | D:8      | Offered knowledge of Magic Dart by Vehumet.
 11945 | D:8      | Reached ** piety under Vehumet
 11945 | D:8      | Reached XP level 10. HP: 71/74 MP: 10/18
 12342 | D:8      | Noticed Grum
 12357 | D:8      | Killed Grum
 12505 | D:8      | Noticed an orange crystal statue
 12815 | D:8      | Offered knowledge of Static Discharge by Vehumet.
 12848 | D:8      | Noticed Gastronok
 13134 | D:8      | Killed Gastronok
 13214 | D:8      | Noticed Prince Ribbit
 13220 | D:8      | Killed Prince Ribbit
 13443 | D:8      | Noticed Psyche
 13446 | D:8      | Killed Psyche
 14362 | D:9      | Reached *** piety under Vehumet
 14492 | D:9      | Offered knowledge of Force Lance by Vehumet.
 14492 | D:9      | Reached XP level 11. HP: 83/83 MP: 21/21
 14508 | D:9      | Learned a level 4 spell: Force Lance
 14716 | D:9      | Found a staircase to the Lair.
 14832 | D:9      | Reached **** piety under Vehumet
 15448 | D:9      | Found a staircase to the Orcish Mines.
 15477 | D:9      | Offered knowledge of Bolt of Draining by Vehumet.
 15722 | D:9      | Noticed a three-headed hydra
 15725 | D:9      | Killed a three-headed hydra
 16505 | D:10     | Entered Level 10 of the Dungeon
 16640 | D:10     | Got an encrusted leather armour
 16747 | D:4      | Bought a scroll of enchant weapon for 90 gold pieces
 16747 | D:4      | Bought a scroll of brand weapon for 240 gold pieces
 17060 | D:10     | Identified the +1 leather armour "Najudd" {rPois MR++
                  | Dex-5} (You found it on level 10 of the Dungeon)
 18412 | D:11     | Killed an unseen horror
 18737 | D:12     | Found Sesmap's Weapon Shop.
 18904 | D:12     | Noticed Fannar
 18909 | D:12     | Killed Fannar
 18909 | D:12     | Reached XP level 12. HP: 92/92 MP: 14/24
 19012 | D:12     | Reached ***** piety under Vehumet
 19202 | D:12     | Offered knowledge of Lightning Bolt by Vehumet.
 19206 | D:12     | Reached skill level 10 in Fire Magic
 19444 | D:12     | Noticed Kirke
 19457 | D:12     | Killed Kirke
 19457 | D:12     | Reached skill level 10 in Conjurations
 19827 | D:12     | Noticed a two-headed ogre
 19837 | D:12     | Killed a two-headed ogre
 20336 | D:13     | Found an iron altar of Okawaru.
 20540 | D:13     | Got a brightly glowing robe
 20551 | D:13     | Identified the cursed +1 robe "Wunluag" {-Tele rElec rC++
                  | MP+9} (You found it on level 13 of the Dungeon)
 20806 | D:13     | Found Epainat's General Store.
 20814 | D:13     | Bought a scroll of identify for 32 gold pieces
 20835 | D:13     | Noticed a two-headed ogre
 20841 | D:13     | Noticed a vault guard
 20843 | D:13     | Killed a two-headed ogre
 20851 | D:13     | Noticed a vault guard
 20854 | D:13     | Noticed a vault guard
 20858 | D:13     | Killed a vault guard
 20860 | D:13     | Noticed a vault guard
 20864 | D:13     | Noticed a vault guard
 20865 | D:13     | Killed a vault guard
 20871 | D:13     | Killed a vault guard
 20894 | D:13     | HP: 2/94 [vault guard/+0 war axe (16)]
 20910 | D:12     | Slain by a vault guard

Skill      XL: |  1  2  3  4  5  6  7  8  9 10 11 12 |
---------------+-------------------------------------+-----
Conjurations   | 1 2 3 4 5 6 8 9 10 | 10.6
Shields        | 1 2 3 4 |  4.0
Fighting       | 1 2 3 4 5 6 7 8 |  8.7
Fire Magic     | 3 4 5 7 8 9 10 | 10.8
Spellcasting   | 4 5 7 8 9 |  9.6
Dodging        | |  1.5
Stealth        | |  1.5

Action                   |  1- 3 |  4- 6 |  7- 9 | 10-12 || total
-------------------------+-------+-------+-------+-------++-------
Melee: Club              |    14 |       |       |       ||    14
       Hunting sling     |       |       |       |     1 ||     1
       Staff             |       |       |       |     2 ||     2
 Fire: Hunting sling     |    27 |    69 |   155 |   155 ||   406
Throw: Stone             |       |       |       |     2 ||     2
 Cast: Flame Tongue      |    59 |   118 |   358 |   268 ||   803
       Throw Flame       |       |     1 |    38 |    70 ||   109
       Conjure Flame     |       |       |    20 |    44 ||    64
       Sticky Flame      |       |       |     6 |    42 ||    48
       Inner Flame       |       |       |     3 |    12 ||    15
       Fireball          |       |       |       |   105 ||   105
       Force Lance       |       |       |       |    21 ||    21
  Use: Scroll            |     2 |       |     2 |    14 ||    18
Armor: Robe              |    10 |    12 |    41 |    25 ||    88
       Animal skin       |       |       |       |    34 ||    34
Dodge: Dodged            |    31 |    53 |   123 |    83 ||   290
Block: Buckler           |       |       |    33 |    33 ||    66
